 Dungeon Crawl Stone Soup version 0.18.1-6-gd335043 (webtiles) character file.

14441 Wooh the Spry (level 11, -7/58 HPs)
             Began as a Spriggan Assassin on May 14, 2016.
             Was an Initiate of Gozag.
             Mangled by a death yak (21 damage)
             ... on level 3 of the Lair of Beasts on May 15, 2016.
             The game lasted 00:44:45 (15003 turns).

Wooh the Spry (Spriggan Assassin)                  Turns: 15003, Time: 00:44:47

Health: -7/58      AC:  3    Str:  7    XL:     11   Next: 88%
Magic:  12/12      EV: 33    Int: 13    God:    Gozag
Gold:   2415       SH: 12    Dex: 21    Spells: 0 memorised, 10 levels left

rFire  + . .     SeeInvis +     a - +3 dagger (venom)
rCold  + . .     Gourm    .     l - +0 robe {rC+ rF+}
rNeg   . . .     Faith    .     G - +0 buckler {reflect}
rPois  .         Spirit   .     (helmet restricted)
rElec  .         Dismiss  .     d - +0 cloak
rCorr  +         Reflect  +     (gloves unavailable)
SustAt .         Harm     .     (boots unavailable)
MR     ++...                    n - +4 amulet of reflection
Stlth  ++++++....               j - ring of protection from magic
                                q - ring of resist corrosion

@: very quick, very resistant to hostile enchantments, very stealthy
A: unfitting armour, see invisible, herbivore 3, speed 3, slow metabolism 2
a: Potion Petition, Call Merchant, Bribe Branch, Renounce Religion


You were on level 3 of the Lair of Beasts.
You worshipped Gozag.
Gozag was noncommittal.
You were not hungry.

You visited 2 branches of the dungeon, and saw 11 of its levels.
You also visited: Ossuary.

You collected 2572 gold pieces.
You spent 119 gold pieces at shops.
You paid 38 gold pieces to Gozag.

Inventory:

Hand Weapons
 a - a +3 dagger of venom (weapon)
 b - a +0 blowgun
Missiles
 e - 3 poisoned needles
 f - a curare-tipped needle
Armour
 d - a +0 cloak (worn)
 l - a +0 robe of resistance (worn)
 G - a +0 buckler of reflection (worn)
Rods
 S - a +0 iron rod (11/11)
   (You found it on level 8 of the Dungeon)
Jewellery
 j - a ring of protection from magic (right hand)
 n - a +4 amulet of reflection (around neck)
 q - a ring of resist corrosion (left hand)
 C - an uncursed ring of flight
 X - an uncursed amulet of dismissal
Wands
 g - a wand of iceblast (4/15)
 B - a wand of random effects (20/48)
 N - a wand of iceblast (10/15)
 R - a wand of lightning (8/15)
 U - a wand of random effects (29/48)
Scrolls
 h - a scroll of immolation {unknown}
 i - 3 scrolls of remove curse
 k - 2 scrolls of fear {unknown}
 m - 7 scrolls of teleportation
 s - 3 scrolls of amnesia {unknown}
 w - 5 scrolls of enchant weapon
 x - 3 scrolls of fog {unknown}
 y - 5 scrolls of blinking
 D - a scroll of acquirement {unknown}
 E - 3 scrolls of recharging
 F - a scroll of magic mapping {unknown}
 H - a scroll of random uselessness {unknown}
 P - a scroll of brand weapon {unknown}
 W - a scroll of enchant armour {unknown}
Potions
 p - 2 potions of lignification
 r - 2 potions of might
 t - 3 potions of cancellation
 u - 3 potions of invisibility
 v - 4 potions of heal wounds
 z - 3 potions of agility
 A - 2 potions of haste
 I - a potion of degeneration {unknown}
 J - 2 potions of curing
 K - 2 potions of ambrosia
 M - a potion of cure mutation {unknown}
 O - 2 potions of resistance {unknown}
 Q - a potion of berserk rage {unknown}
 T - a potion of magic {unknown}
Books
 V - a Young Poisoner's Handbook

   Spells                             Type                      Level
   a - Sting                          Conjuration/Poison           1
   b - Cure Poison                    Poison                       2
   c - Mephitic Cloud                 Conjuration/Poison/Air       3
   d - Olgreb's Toxic Radiance        Poison                       4
   e - Venom Bolt                     Conjuration/Poison           5
Miscellaneous
 o - a phantom mirror
Comestibles
 L - 2 fruits


   Skills:
 + Level 7.1 Fighting
 - Level 10.6 Short Blades
 - Level 2.0 Throwing
 - Level 15.0 Dodging
 - Level 12.4 Stealth
 - Level 4.6 Shields


You had 10 spell levels left.
You didn't know any spells.

Dungeon Overview and Level Annotations

Branches:
Dungeon (8/15)             Temple (0/1) D:7            Lair (3/8) D:8
  Swamp: Lair:3-6    Shoals: Lair:3-6     Snake: Lair:3-6    Spider: Lair:3-6

Altars:
Cheibriados
Fedhas
Gozag
Ru
Vehumet

Shops:
D:4 =([[*

Annotations:
D:4 Grinder


Innate Abilities, Weirdness & Mutations

You are tiny and cannot use many weapons and most armour.
You have supernaturally acute eyesight.
You are a herbivore.
You cover ground extremely quickly.
You need consume almost no food.


Message History

You block the death yak's attack.
The death yak looks more healthy.
You see here a poisoned needle.
e - 2 poisoned needles (gained 1)
You hit the death yak.
The death yak is poisoned.
The death yak is lightly wounded.
You see here a poisoned needle.
e - 3 poisoned needles (gained 1)
You hit the death yak but do no damage.
The death yak looks even sicker.
The death yak is lightly wounded.
The death yak misses you. x2
You block the death yak's attack.
You barely miss the death yak.
The death yak is moderately wounded.
The death yak gores you!!
Ouch! That really hurt!
* * * LOW HITPOINT WARNING * * *
The death yak gores you!!
You die...
Your body crumbles into a pile of gold.

..#...#.#........##.............P
...#Y.#.+...⌠...#............#...
........#.....................P..
........'.....##.................
...(..###....##...$P###..........
.......######.......P.(..........
........##...(........$..........
..............(YY.(..............
................@................
...............(.<...............
..P≈PP.#......((............#.#..
≈≈≈≈P≈###....#..............###.#
P≈≈≈≈P# ##...##..(..............P
≈P≈≈≈≈# #...................#....
≈≈≈P≈≈# ##................#....##
≈≈≈≈≈≈# ###.....(..........#.#.##
≈≈≈≈≈≈♣##.#...................###


You could see 2 death yaks.

Vanquished Creatures
  3 death yaks (Lair:3)
  Pikel (D:8)
  3 black mambas
  5 spiny frogs
  Prince Ribbit (D:7)
  3 blink frogs (Lair:2)
  25 yaks
  A basilisk (Lair:3)
  2 hippogriffs
  Menkaure (D:6)
  Duvessa (D:7)
  3 water moccasins
  4 ice beasts
  A sky beast (D:8)
  An orc warrior (D:6)
  2 black bears
  A wasp (D:7)
  5 ogres
  2 necrophages
  A phantom (D:6)
  3 centaurs
  2 crocodiles (Lair:2)
  7 giant frogs
  3 scorpions
  Dowan (D:7)
  9 killer bees (D:7)
  2 howler monkeys
  3 electric eels
  5 crimson imps
  2 centaur zombies
  A jelly (D:7)
  A wasp zombie (D:8)
  A hound (D:6)
  3 orc priests
  Jessica (D:2)
  5 iguanas
  6 orc wizards
  3 worker ants
  A hound skeleton (D:4)
  8 mummies (Ossuary)
  10 gnolls
  4 adders
  21 river rats (Lair:1)
  2 oozes
  An adder zombie (D:5)
  An adder skeleton (D:6)
  2 worms (D:4)
  25 orcs
  3 bats
  12 giant cockroaches
  A gnoll zombie (Ossuary)
  5 goblins
  3 hobgoblins
  11 jackals
  2 kobolds (D:1)
  3 quokkas
  4 giant newts
  A hobgoblin zombie (Ossuary)
  A kobold zombie (Ossuary)
  5 orc zombies (Ossuary)
  A quokka skeleton (D:5)
  4 rats
255 creatures vanquished.

Vanquished Creatures (others)
  3 slaves (D:8)
  3 fungi
6 creatures vanquished.

Grand Total: 261 creatures vanquished

Notes
Turn   | Place    | Note
--------------------------------------------------------------
     0 | D:1      | Wooh the Spriggan Assassin began the quest for the Orb.
     0 | D:1      | Reached XP level 1. HP: 10/10 MP: 2/2
    95 | D:1      | Found a snail-covered altar of Cheibriados.
   227 | D:1      | Reached XP level 2. HP: 10/14 MP: 3/3
   451 | D:2      | Noticed Jessica
   454 | D:2      | Killed Jessica
   454 | D:2      | Reached XP level 3. HP: 18/18 MP: 4/4
   871 | D:3      | Found an opulent altar of Gozag.
  1105 | D:3      | Became a worshipper of Gozag Ym Sagoz the Greedy
  1642 | D:4      | Noticed an ogre
  1649 | D:4      | Reached XP level 4. HP: 22/22 MP: 5/5
  1664 | D:4      | HP: 1/22 [orc/flail (8)]
  2004 | D:4      | Killed an ogre
  2004 | D:4      | Reached XP level 5. HP: 25/25 MP: 6/6
  2139 | D:4      | Noticed Grinder
  2241 | D:4      | Found Fukkim's Armour Boutique.
  2252 | D:4      | Bought a +0 buckler of reflection for 119 gold pieces
  2263 | D:4      | Found Vesiw's Antique Armour Shoppe.
  2273 | D:4      | Found Haoberig's Weapon Shop.
  2683 | D:4      | Reached skill level 5 in Short Blades
  2873 | D:4      | Found Xiere's Assorted Antiques.
  2894 | D:4      | Reached XP level 6. HP: 20/30 MP: 7/7
  3410 | D:4      | Found Ivathrul's Jewellery Shop.
  3611 | D:4      | Paralysed by Grinder for 4 turns
  3620 | D:4      | Paralysed by Grinder for 5 turns
  4194 | D:4      | Found a radiant altar of Vehumet.
  4291 | D:4      | Found a sacrificial altar of Ru.
  4387 | D:5      | Entered Level 5 of the Dungeon
  4531 | D:5      | Reached XP level 7. HP: 18/33 MP: 8/8
  5422 | D:5      | Reached skill level 3 in Dodging
  5422 | D:5      | Reached XP level 8. HP: 12/37 MP: 9/9
  5728 | D:6      | Reached skill level 4 in Dodging
  5769 | D:6      | Reached skill level 5 in Dodging
  5803 | D:6      | Found a blossoming altar of Fedhas.
  5825 | D:6      | Reached skill level 6 in Dodging
  6008 | D:6      | Reached skill level 7 in Dodging
  6195 | D:6      | Reached skill level 8 in Dodging
  6304 | D:6      | Reached skill level 9 in Dodging
  6538 | D:6      | HP: 1/37 [electric eel/bolt of electricity (8)]
  6541 | D:6      | Reached skill level 10 in Dodging
  6853 | D:6      | Noticed Menkaure
  6855 | D:6      | Killed Menkaure
  7011 | D:7      | Reached XP level 9. HP: 34/41 MP: 10/10
  7120 | D:7      | Noticed Dowan
  7122 | D:7      | Noticed Duvessa
  7131 | D:7      | Killed Dowan
  7131 | D:7      | Reached skill level 11 in Dodging
  7179 | D:7      | Killed Duvessa
  7194 | D:7      | Reached skill level 12 in Dodging
  7310 | D:7      | Found a staircase to the Ecumenical Temple.
  7389 | D:7      | Noticed Prince Ribbit
  7424 | D:7      | HP: 2/41 [Prince Ribbit (13)]
  7432 | D:7      | Killed Prince Ribbit
  7432 | D:7      | Reached skill level 13 in Dodging
  7916 | D:7      | Reached skill level 14 in Dodging
  8517 | D:8      | Noticed Pikel
  8539 | D:8      | Killed Pikel
  8539 | D:8      | Reached skill level 15 in Dodging
  8551 | D:8      | Found a staircase to the Lair.
  8616 | D:8      | Reached XP level 10. HP: 32/46 MP: 11/11
  8707 | D:8      | Found a sand-covered staircase.
  8712 | Ossuary  | Entered an ossuary
  9627 | D:8      | Reached skill level 10 in Short Blades
 10199 | Lair:1   | Entered Level 1 of the Lair of Beasts
 10299 | Lair:1   | Noticed a spiny frog
 10304 | Lair:1   | Killed a spiny frog
 10319 | Lair:1   | Noticed a black mamba
 10321 | Lair:1   | Noticed a spiny frog
 10397 | D:8      | Killed a black mamba
 10741 | Lair:1   | Killed a spiny frog
 12293 | Lair:2   | Noticed a spiny frog
 12300 | Lair:2   | Killed a spiny frog
 12300 | Lair:2   | Reached skill level 10 in Stealth
 12384 | Lair:2   | Upgraded the game from 0.18.1-5-g4a78601 to 0.18.1-6-gd335043
 12525 | Lair:2   | Reached XP level 11. HP: 43/49 MP: 12/12
 14103 | Lair:3   | Reached skill level 5 in Fighting
 14483 | Lair:3   | Noticed a death yak
 14502 | Lair:3   | Noticed a death yak
 14502 | Lair:3   | Noticed a death yak
 14503 | Lair:3   | Noticed a death yak
 14503 | Lair:3   | Noticed a death yak
 14604 | Lair:3   | Killed a death yak
 14709 | Lair:3   | Killed a death yak
 14769 | Lair:3   | Killed a death yak
 15003 | Lair:3   | Mangled by a death yak

Skill      XL: |  1  2  3  4  5  6  7  8  9 10 11 |
---------------+----------------------------------+-----
Stealth        | 6 7 8 10 12 | 12.4
Short Blades   | 4 5 7 9 10 | 10.6
Dodging        | 3 10 15 | 15.0
Shields        | 4 |  4.6
Fighting       | 7 |  7.1
Throwing       | |  2.0

Action                   |  1- 3 |  4- 6 |  7- 9 | 10-12 || total
-------------------------+-------+-------+-------+-------++-------
Melee: Dagger            |    77 |   194 |   498 |  1034 ||  1803
 Fire: Blowgun           |       |    36 |    13 |    36 ||    85
  Use: Scroll            |       |       |       |    18 ||    18
       Potion            |       |       |       |     2 ||     2
 Stab: Sleeping          |    13 |     4 |    17 |    13 ||    47
       Distracted        |       |       |     1 |     6 ||     7
  Eat: Bread ration      |       |       |     1 |     1 ||     2
       Royal jelly       |       |       |       |     1 ||     1
Armor: Robe              |     5 |     6 |     9 |    15 ||    35
Dodge: Dodged            |    36 |    69 |   221 |   435 ||   761
Block: Other             |     4 |     2 |       |       ||     6
       Buckler           |       |    57 |   151 |   329 ||   537
       Reflection        |       |     2 |     1 |       ||     3
